 Dungeon Crawl Stone Soup version 0.25.0-3-gd7cc5688da (webtiles) character file.

Game seed: 14997893940773441066

28239 nikku the Thaumaturge (level 13, -7/76 HPs)
             Began as a Deep Elf Conjurer on June 15, 2020.
             Was a High Priest of Vehumet.
             Mangled by a six-headed hydra (14 damage)
             ... on level 4 of the Lair of Beasts.
             The game lasted 01:25:55 (18022 turns).

nikku the Thaumaturge (Deep Elf Conjurer)          Turns: 18022, Time: 01:25:55

Health: -7/76      AC:  9    Str:  7    XL:     13   Next: 8%
Magic:  33/33      EV: 17    Int: 34    God:    Vehumet [*****.]
Gold:   948        SH:  6    Dex: 15    Spells: 14/40 levels left

rFire    . . .     SeeInvis +   a - +9 mace "Naecer" {vorpal, rC- Str+2 Int+8 SInv}
rCold    x . .     Gourm    .   E - +0 buckler
rNeg     . . .     Faith    +   x - +1 leather armour {MR+}
rPois    +         Spirit   .   h - +0 helmet
rElec    .         Reflect  .   l - +0 cloak
rCorr    .         Harm     .   g - +2 pair of gloves
MR       ++...                  (no boots)
Stlth    +++.......             f - amulet of faith
HPRegen  0.22/turn              i - ring of poison resistance
MPRegen  0.23/turn              (no ring)

@: no status effects
A: no striking features
a: Renounce Religion


You were on level 4 of the Lair of Beasts.
You worshipped Vehumet.
Vehumet was extremely pleased with you.
You were not hungry.

You visited 3 branches of the dungeon, and saw 17 of its levels.
You also visited: Ossuary.

You collected 948 gold pieces.

Inventory:

Hand Weapons
 a - the +9 mace "Naecer" (weapon) {vorpal, rC- Str+2 Int+8 SInv}
   (You found it on level 7 of the Dungeon)

   It inflicts extra damage upon your enemies.
   It affects your strength (+2).
   It affects your intelligence (+8).
   It makes you vulnerable to cold.
   It lets you see invisible.
 b - the +5 long sword of Grontol {freeze, rElec rC+ Int-5}
   (You found it on level 5 of the Dungeon)

   It has been specially enchanted to freeze those struck by it, causing extra
   injury to most foes and up to half again as much damage against particularly
   susceptible opponents.
   It can also slow down cold-blooded creatures.
   It affects your intelligence (-5).
   It protects you from cold.
   It insulates you from electricity.
Missiles
 d - 35 poisoned darts
 p - 7 javelins
 t - 17 curare-tipped darts (quivered)
Armour
 g - a +2 pair of gloves (worn)
 h - a +0 helmet (worn)
 l - a +0 cloak (worn)
 u - the +1 leather armour "Mann" {rF+ Str+4}
   (You found it on level 8 of the Dungeon)

   It affects your strength (+4).
   It protects you from fire.
 x - a +1 leather armour of magic resistance (worn)
 E - a +0 buckler (worn)
Jewellery
 f - an amulet of faith (around neck)
 i - a ring of poison resistance (left hand)
 z - an uncursed amulet of regeneration
Wands
 j - a wand of digging (14)
 m - a wand of enslavement (18)
 q - a wand of paralysis (14)
 v - a wand of random effects (59)
 B - a wand of iceblast (4)
 H - a wand of disintegration (8)
Scrolls
 e - 10 scrolls of teleportation
 k - 2 scrolls of fear
 r - 2 scrolls of magic mapping
 y - a scroll of blinking
 D - 3 scrolls of remove curse
Potions
 n - 2 potions of haste
 o - 2 potions of lignification
 s - 3 potions of might
 w - a potion of mutation
 A - a potion of curing {unknown}
 C - a potion of degeneration {unknown}
 G - a potion of resistance {unknown}
 I - a potion of berserk rage {unknown}
Comestibles
 c - 23 rations


   Skills:
 * Level 6.8 Fighting
 - Level 9.6 Dodging
 - Level 7.6 Stealth
 * Level 6.0 Shields
 + Level 14.3 Spellcasting
 - Level 11.4 Conjurations
 - Level 6.0 Hexes
 - Level 4.9 Translocations
 - Level 5.8 Fire Magic


You had 14 spell levels left.
You knew the following spells:

 Your Spells              Type           Power        Failure   Level  Hunger
a - Shock                 Conj/Air       ####         1%          1    None
b - Fireball              Conj/Fire      ######....   1%          5    None
c - Searing Ray           Conj           ######       1%          2    None
d - Iskenderun's Mystic   Conj/Tloc      ######..     1%          4    None
e - Fulminant Prism       Conj/Hex       ######....   1%          4    None
f - Conjure Flame         Conj/Fire      ######..     1%          3    None
g - Inner Flame           Hex/Fire       ######..     1%          3    None
h - Gell's Gravitas       Tloc           ######....   1%          3    None
i - Magic Dart            Conj           ####         0%          1    None

Your spell library contained the following spells:

 Spells                   Type           Power        Failure   Level  Hunger
 Hailstorm                Conj/Ice       ######..     1%          4    None
 Corona                   Hex            ######.      1%          1    None
 Foxfire                  Conj/Fire      ####         1%          1    None
 Sandblast                Erth           ###...       1%          1    None
 Ensorcelled Hibernation  Hex/Ice        #####.       1%          2    None
 Confusing Touch          Hex            ######..     1%          3    None
 Dazzling Flash           Conj/Hex       ######       1%          3    None
 Mephitic Cloud           Conj/Pois/Air  ######..     1%          3    None
 Stone Arrow              Conj/Erth      ######       1%          3    None
 Tukima's Dance           Hex            ######..     1%          3    None
 Sticky Flame             Conj/Fire      ######..     1%          4    None
 Beastly Appendage        Tmut           ###...       2%          1    None
 Summon Butterflies       Summ           ###.....     2%          1    None
 Passwall                 Tmut/Erth      ###.....     3%          2    None
 Poisonous Vapours        Pois/Air       ###...       3%          2    None
 Sticks to Snakes         Tmut           ###.....     3%          2    None
 Yara's Violent Unravell  Hex/Tmut       #####.....   5%          5    None
 Call Canine Familiar     Summ           ###.....     8%          3    None
 Spider Form              Tmut/Pois      ###.......   8%          3    None
 Lee's Rapid Deconstruct  Erth           ###.......   17%         5    None
 Metabolic Englaciation   Hex/Ice        #####.....   21%         5    None
 Summon Mana Viper        Hex/Summ       #####...     21%         5    None
 Freezing Cloud           Conj/Ice/Air   ######....   21%         6    ###....
 Ice Form                 Ice/Tmut       ###.....     26%         4    None
 Petrify                  Tmut/Erth      ###.....     26%         4    None
 Summon Ice Beast         Ice/Summ       ###.....     26%         4    None
 Blade Hands              Tmut           ###.......   56%         5    None
 Ring of Flames           Chrm/Fire      #####.....   100%        7    #####..
 Summon Hydra             Summ           ###.......   100%        7    #####..


Dungeon Overview and Level Annotations

Branches:
Dungeon (11/15)            Temple (1/1) D:5            Lair (5/6) D:11
 Shoals (0/4) Lair:3       Spider (0/4) Lair:2          Orc (0/2) D:9
Ossuary (visited)
  Slime: Lair:5-6

Altars:
Ashenzari
Cheibriados
Dithmenos
Elyvilon
Fedhas
Gozag
Hepliaklqana
Kikubaaqudgha
Makhleb
Nemelex Xobeh
Okawaru
Qazlal
Ru
Sif Muna
Trog
Uskayaw
Vehumet
Wu Jian
Xom
Yredelemnul
Zin
The Shining One

Shops:
D:5 [   D:10 %   D:11 %

Annotations:
D:11 1 runed translucent door, Ereiziar's ghost, journeyman DsFi
Lair:2 2 transporters, Suk Xiy's ghost, journeyman DrTm


Message History

The mystic blast hits the death yak!!
The death yak is almost dead.
The death yak is knocked back by the mystic blast.
You are feeling very hungry.
You climb upwards.
There is a stone staircase leading down here.
Magic restored.
Done exploring.
You eat one of the 24 rations.
That ration really hit the spot!
You climb downwards.
The death yak gores you! The six-headed hydra bites you! x2
The six-headed hydra bites you.
You block the six-headed hydra's attack.
The six-headed hydra barely misses you. x2; You block the death yak's attack.
The death yak misses you. The death yak gores you. The death yak misses you.
The death yak gores you!!
* * * LOW HITPOINT WARNING * * *
The six-headed hydra barely misses you. The six-headed hydra bites you!
* * * LOW HITPOINT WARNING * * *
The six-headed hydra misses you. The six-headed hydra bites you!
You die...

..............PP......#.# ##...##
............#.........#.####...##
.......................#.........
...........##......#...........Y.
...P#.....##............P.#.###..
......P.P..#............##### ##.
.........#..............# ##
........##......Y...#P... # #
÷..#......#....Y@.#.##.. #.##
÷÷#..P.......##DY#.## ## #..
..÷#......... ##..## #...
##.......... #..# .......
.##.#....... #..$ (.......
..#..#..... ##..# P.....Y.
........... P.. ........
.#......... #... ........
.......#... # ...##......


You could see 3 death yaks and a six-headed hydra.

Vanquished Creatures
  4 two-headed ogres
  Urug (D:10)
  4 death yaks
  Sonja (D:10)
  2 manticores (D:11)
  A merfolk siren (Lair:3)
  A cyclops (D:11)
  2 black mambas (Lair:2)
  Joseph (Lair:1)
  A gargoyle (D:11)
  4 komodo dragons
  A rime drake (Lair:5)
  An efreet (D:11)
  6 spiny frogs
  2 merfolk (Lair:3)
  A polar bear (Lair:4)
  Prince Ribbit (D:7)
  4 trolls
  7 dream sheep (Lair:4)
  8 blink frogs
  11 hippogriffs
  21 yaks
  3 basilisks
  A steam dragon (D:11)
  2 hungry ghosts (D:9)
  A soldier ant (D:9)
  2 water moccasins
  7 porcupines
  Duvessa (D:4)
  3 ice beasts
  4 orc warriors
  A black bear (D:10)
  6 ogres
  3 centaurs
  6 crocodiles
  A big kobold (D:7)
  4 bullfrogs
  Dowan (D:4)
  3 scorpions
  A wyvern skeleton (D:11)
  12 killer bees
  4 troll zombies (D:9)
  3 electric eels (Lair:3)
  3 howler monkeys
  2 crimson imps
  A quasit (D:11)
  A bullfrog zombie (D:5)
  4 hounds
  2 jellies
  Crazy Yiuf (D:7)
  A gnoll shaman (D:10)
  7 orc priests
  2 bullfrog skeletons
  5 orc wizards
  4 iguanas
  5 worker ants
  4 ogre zombies (D:9)
  2 hound zombies
  2 hound skeletons (D:7)
  A mummy (D:5)
  11 gnolls
  10 adders
  A shadow imp (D:10)
  An ooze (D:3)
  An adder zombie (Ossuary)
  3 adder skeletons
  2 worms
  2 dart slugs (D:1)
  6 leopard geckos
  42 orcs
  3 ball pythons
  10 giant cockroaches
  10 goblins
  7 hobgoblins
  6 jackals
  3 quokkas
  A ball python skeleton (D:2)
  10 bats
  5 frilled lizards
  A goblin skeleton (D:9)
  3 goblin zombies
  3 hobgoblin skeletons (D:9)
  2 hobgoblin zombies (D:9)
  2 jackal zombies (D:5)
  14 kobolds
  2 kobold zombies (Ossuary)
  3 orc skeletons (D:9)
  15 orc zombies
  A quokka zombie (D:5)
  3 rats
  A spectral orc (D:3)
  2 fungi
387 creatures vanquished.

Vanquished Creatures (others)
  29 fulminant prisms
  7 fungi
  A plant (Lair:4)
  2 withered plants (D:11)
39 creatures vanquished.

Grand Total: 426 creatures vanquished

Notes
Turn   | Place    | Note
-------+----------+-------------------------------------------
     0 | D:1      | nikku the Deep Elf Conjurer began the quest for the Orb.
     0 | D:1      | Reached XP level 1. HP: 10/10 MP: 6/6
   223 | D:1      | Reached XP level 2. HP: 15/15 MP: 5/8
   911 | D:2      | Reached skill level 4 in Spellcasting
   969 | D:1      | Reached skill level 5 in Conjurations
   969 | D:1      | Reached XP level 3. HP: 5/19 MP: 0/10
  1206 | D:2      | Learned a level 2 spell: Searing Ray
  1384 | D:2      | Reached XP level 4. HP: 24/24 MP: 5/12
  1614 | D:2      | Reached skill level 5 in Spellcasting
  2426 | D:3      | Reached XP level 5. HP: 22/28 MP: 8/14
  2593 | D:3      | Learned a level 4 spell: Iskenderun's Mystic Blast
  2598 | D:3      | Learned a level 4 spell: Fulminant Prism
  2715 | D:3      | You fall into a shaft and drop 2 floors!
  2715 | D:5      | Entered Level 5 of the Dungeon
  2718 | D:5      | Found a glowing silver altar of Zin.
  2732 | D:5      | Found a sand-covered staircase.
  2744 | Ossuary  | Entered an ossuary
  2885 | D:5      | Found a staircase to the Ecumenical Temple.
  2895 | Temple   | Entered the Ecumenical Temple
  3001 | Temple   | Became a worshipper of Vehumet
  3030 | D:5      | Reached skill level 1 in Hexes
  3030 | D:5      | Reached skill level 1 in Translocations
  3663 | D:3      | Found a white marble altar of Elyvilon.
  3745 | D:3      | Found a basalt altar of Yredelemnul.
  4066 | D:4      | Found a shattered altar of Ashenzari.
  4070 | D:4      | Reached * piety under Vehumet
  4070 | D:4      | Offered knowledge of Foxfire by Vehumet.
  4149 | D:4      | Reached XP level 6. HP: 32/32 MP: 9/16
  4218 | D:4      | Reached skill level 6 in Spellcasting
  4328 | D:4      | Noticed Duvessa
  4484 | D:4      | Killed Duvessa
  4485 | D:4      | Noticed Dowan
  4493 | D:4      | Killed Dowan
  4731 | D:4      | You fall into a shaft and drop 3 floors!
  4731 | D:7      | Found a runed translucent door.
  4732 | D:7      | Noticed Crazy Yiuf
  4735 | D:7      | Killed Crazy Yiuf
  4735 | D:7      | Reached XP level 7. HP: 36/36 MP: 15/18
  4746 | D:7      | Got a crude mace
  4747 | D:7      | Identified the +9 mace "Naecer" {vorpal, rC- Str+2 Int+8
                  | SInv} (You found it on level 7 of the Dungeon)
  4952 | D:6      | Found a shadowy altar of Dithmenos.
  4964 | D:5      | Found Weellov's Armour Shop.
  5155 | D:4      | Learned a level 4 spell: Fulminant Prism
  5201 | D:5      | Got a crude long sword
  5202 | D:5      | Identified the +5 long sword of Grontol {freeze, rElec rC+
                  | Int-5} (You found it on level 5 of the Dungeon)
  5777 | D:6      | Reached skill level 7 in Spellcasting
  6131 | D:7      | Noticed Prince Ribbit
  6255 | D:7      | Killed Prince Ribbit
  6255 | D:7      | Reached skill level 5 in Hexes
  6255 | D:7      | Reached XP level 8. HP: 41/41 MP: 8/21
  6435 | D:7      | Found an iron altar of Okawaru.
  6464 | D:7      | Reached skill level 8 in Spellcasting
  6716 | D:7      | Learned a level 3 spell: Gell's Gravitas
  6729 | D:7      | Noticed a hippogriff
  6738 | D:7      | Killed a hippogriff
  6772 | D:7      | You fall into a shaft and drop 2 floors!
  6841 | D:7      | Offered knowledge of Shock by Vehumet.
  6844 | D:7      | Learned a level 1 spell: Shock
  7067 | D:8      | Reached ** piety under Vehumet
  7074 | D:8      | Reached XP level 9. HP: 45/45 MP: 8/23
  7077 | D:8      | Reached skill level 9 in Spellcasting
  7218 | D:8      | Learned a level 5 spell: Fireball
  7222 | D:8      | Learned a level 3 spell: Inner Flame
  7226 | D:8      | Learned a level 3 spell: Conjure Flame
  7244 | D:8      | Got a warped leather armour
  7427 | D:8      | Reached skill level 1 in Fire Magic
  7621 | D:8      | Identified the +6 flail "Vuukagh" {pain, rF+}
  7648 | D:8      | Reached skill level 5 in Dodging
  7834 | D:8      | Offered knowledge of Frozen Ramparts by Vehumet.
  8137 | D:8      | Identified the +1 leather armour "Mann" {rF+ Str+4} (You
                  | found it on level 8 of the Dungeon)
  8248 | D:9      | Reached skill level 10 in Spellcasting
  8391 | D:9      | Found a stormy altar of Qazlal.
  8512 | D:9      | Found a blossoming altar of Fedhas.
  8512 | D:9      | Noticed a troll
  8515 | D:9      | Noticed a two-headed ogre
  8516 | D:9      | Killed a troll
  8526 | D:9      | Killed a two-headed ogre
  8526 | D:9      | Reached XP level 10. HP: 39/50 MP: 7/26
  8678 | D:9      | Reached *** piety under Vehumet
  8978 | D:9      | Offered knowledge of Olgreb's Toxic Radiance by Vehumet.
  9236 | D:9      | Reached **** piety under Vehumet
  9236 | D:9      | Reached skill level 5 in Fire Magic
  9299 | D:9      | Offered knowledge of Iskenderun's Battlesphere by Vehumet.
  9440 | D:9      | Found a staircase to the Orcish Mines.
  9490 | D:9      | Reached skill level 10 in Conjurations
  9490 | D:9      | Reached skill level 11 in Spellcasting
 10122 | D:10     | Entered Level 10 of the Dungeon
 10133 | D:10     | Noticed Sonja
 10137 | D:10     | Killed Sonja
 10137 | D:10     | Noticed Urug
 10458 | D:10     | Reached skill level 5 in Stealth
 10872 | D:10     | Noticed a two-headed ogre
 10878 | D:10     | Killed a two-headed ogre
 10878 | D:10     | Reached XP level 11. HP: 54/54 MP: 21/28
 11023 | D:10     | Found Jekk's Food Emporium.
 11305 | D:10     | Killed Urug
 11305 | D:10     | Reached skill level 12 in Spellcasting
 11648 | D:11     | Reached ***** piety under Vehumet
 11649 | D:11     | Noticed a two-headed ogre
 11693 | D:11     | Offered knowledge of Bolt of Magma by Vehumet.
 11978 | D:11     | Found a staircase to the Lair.
 11978 | D:11     | Noticed a two-headed ogre
 11986 | D:11     | Killed a two-headed ogre
 12474 | D:11     | Noticed a death yak
 12535 | D:11     | Reached skill level 1 in Fighting
 12629 | D:11     | Killed a death yak
 12643 | D:11     | Reached skill level 13 in Spellcasting
 12814 | D:11     | Killed a two-headed ogre
 12814 | D:11     | Reached skill level 1 in Shields
 12977 | D:11     | Found Diempir's Food Boutique.
 13096 | D:11     | Found a runed translucent door.
 13097 | D:11     | Noticed Ereiziar's ghost (journeyman DsFi)
 13395 | Lair:1   | Entered Level 1 of the Lair of Beasts
 13397 | Lair:1   | Reached XP level 12. HP: 64/64 MP: 24/31
 13644 | Lair:1   | Noticed Joseph
 13650 | Lair:1   | Killed Joseph
 14349 | Lair:2   | Found a transporter.
 14412 | Lair:2   | Offered knowledge of Hailstorm by Vehumet.
 14462 | Lair:2   | Found a transporter.
 14462 | Lair:2   | Noticed Suk Xiy's ghost (journeyman DrTm)
 15010 | Lair:2   | Found a hole to the Spider Nest.
 15480 | Lair:3   | Reached skill level 5 in Fighting
 15884 | Lair:3   | You fall into a shaft and drop 1 floor!
 15999 | Lair:5   | Reached skill level 14 in Spellcasting
 16099 | Lair:4   | Reached skill level 5 in Shields
 16251 | Lair:4   | Noticed a death yak
 16251 | Lair:4   | Noticed a death yak
 16254 | Lair:4   | Noticed a death yak
 16254 | Lair:4   | Noticed a death yak
 16259 | Lair:4   | Noticed a death yak
 16260 | Lair:4   | Killed a death yak
 16261 | Lair:4   | Noticed a death yak
 16262 | Lair:4   | Killed a death yak
 16983 | Lair:3   | Found a staircase to the Shoals.
 17206 | Lair:4   | Reached XP level 13. HP: 76/76 MP: 24/33
 18022 | Lair:4   | Mangled by a six-headed hydra

Illustrated notes

Levels and vault maps discovered:
D:1:      evilmike_arrival_hilbert_curve, layout_basic, minmay_crystal_water
D:2:      minmay_chambers_of_ones, layout_basic
D:3:      layout_basic, lemuel_crystal_altar,
          yredelemnul_forgotten_temple_becter
D:4:      layout_basic, cheibrodos_ashenzari_chains, uniq_duvessa
D:5:      layout_loops_ring, lemuel_crystal_altar,
          minmay_temple_entry_sparse_star, gup_ossuary_entry_pyramid,
          serial_shops, shop, first_ration
D:6:      layout_basic, lemuel_crystal_altar
D:7:      layout_basic, okawaru_metal_pillars_1_2, minmay_fountain_box,
          uniq_crazy_yiuf_cottage, uniq_prince_ribbit1
D:8:      layout_basic
D:9:      layout_basic, nicolae_qazlal_style_of_elements, fedhas_ov_isle_minmay,
          zombieorc2_lemuel
D:10:     layout_long_grid, serial_shops, shop, uniq_sonja, uniq_urug
D:11:     layout_basic, david_lair_generic, serial_shops, shop,
          gammafunk_ghost_grave
Temple:   jpeg_temple_clearing
Lair:1:   layout_small_grid, uniq_joseph
Lair:2:   layout_loops_ring, dummy_spider_entry, gammafunk_ghost_arena,
          lemuel_fruit_fields
Lair:3:   layout_cave_shapes, elwin_shoals_entry_rooms, grunt_megastairs_4,
          serial_bayou_shore_a
Lair:4:   layout_layer_cave, gammafunk_ghost_icy
Lair:5:   layout_cave_pods, minmay_slime_entry_oklob_open,
          infiniplex_staircase_pool_2, lemuel_fruit_tree

Skill      XL: |  1  2  3  4  5  6  7  8  9 10 11 12 13 |
---------------+----------------------------------------+-----
Spellcasting   | 4 5 6 7 8 10 11 13 14 | 14.3
Conjurations   | 5 6 7 8 9 10 11 | 11.4
Hexes          | 2 3 5 6 |  6.0
Translocations | 1 2 4 |  4.9
Dodging        | 3 6 8 9 |  9.6
Stealth        | 3 4 5 7 |  7.6
Fire Magic     | 4 5 |  5.8
Fighting       | 3 6 |  6.8
Shields        | 1 5 6 |  6.0

Action                   |  1- 3 |  4- 6 |  7- 9 | 10-12 | 13-15 || total
-------------------------+-------+-------+-------+-------+-------++-------
Melee: Dagger            |     1 |       |       |       |       ||     1
       Halberd           |       |     1 |       |       |       ||     1
       Mace              |       |       |       |     4 |       ||     4
Throw: Dart              |       |       |       |     2 |     1 ||     3
 Cast: Magic Dart        |    60 |   119 |    68 |       |       ||   247
       Searing Ray       |     2 |    19 |    40 |    65 |     3 ||   129
       Fulminant Prism   |       |     1 |     5 |    22 |     1 ||    29
       Shock             |       |       |    49 |   306 |     8 ||   363
       Gell's Gravitas   |       |       |     2 |       |       ||     2
       Iskenderun's Myst |       |       |     6 |    87 |    18 ||   111
       Fireball          |       |       |     4 |    30 |     3 ||    37
Evoke: Wand              |       |       |       |     3 |       ||     3
  Use: Scroll            |     5 |     5 |    10 |     2 |       ||    22
       Potion            |       |       |       |     1 |     1 ||     2
  Eat: Chunk             |     1 |    10 |    12 |    10 |     1 ||    34
       Ration            |       |       |       |     5 |     1 ||     6
Armor: Robe              |       |    25 |     2 |       |       ||    27
       Leather armour    |       |       |     1 |     5 |       ||     6
Dodge: Dodged            |     4 |    42 |    28 |    54 |     9 ||   137
Block: Buckler           |       |       |       |     9 |     3 ||    12
